 Dungeon Crawl Stone Soup version 0.13-a0-2202-g857913d (webtiles) character file.

1358 M4edhros the Covert (level 8, -2/51 HPs)
             Began as an Octopode Death Knight on July 2, 2013.
             Was a Priest of Yredelemnul.
             Slain by an ice beast (5 damage)
             ... on Level 6 of the Dungeon.
             The game lasted 00:16:31 (5741 turns).

M4edhros the Covert (Octopode Death Knight)         Turns: 5741, Time: 00:16:33

HP  -2/51        AC  1     Str 13      XL: 8   Next: 44%
MP  13/13        EV 17     Int 15      God: Yredelemnul [***...]
Gold 159         SH  0     Dex 16      Spells:  0 memorised,  7 levels left

Res.Fire  : . . .   See Invis. : .   l - +0,+1 elf whip (elec)
Res.Cold  : . . .   Warding    : .   (no shield)
Life Prot.: . . .   Conserve   : .   (helmet restricted)
Res.Poison: .       Res.Corr.  : .   (no amulet)
Res.Elec. : .       Clarity    : .   (no ring)
Sust.Abil.: . .     Spirit.Shd : .   (no ring)
Res.Mut.  : .       Stasis     : .   (no ring)
Res.Rott. : .       Flight     : .   (no ring)
Saprovore : . . .                    (no ring)
                                     (no ring)
                                     (no ring)
                                     (no ring)

@: about to teleport, agile, slightly resistant to hostile enchantments,
extraordinarily stealthy
A: almost no armour, amphibious, 8 rings, constrict 8, camouflage 1, AC +1
a: Animate Dead, Recall Undead Slaves, Injury Mirror, Renounce Religion


You were on level 6 of the Dungeon.
You worshipped Yredelemnul.
Yredelemnul was greatly pleased with you.
You were not hungry.

You visited 1 branch of the dungeon, and saw 6 of its levels.

You collected 139 gold pieces.

Inventory:

Hand weapons
 a - a +1,+1 spear {=f}
 b - a +0,+0 whip of electrocution
 l - a +0,+1 elven whip of electrocution (weapon)
 n - a +0 blowgun
Missiles
 c - 21 sling bullets
 o - 17 stones
 q - 3 poisoned needles
 s - a throwing net (quivered)
Magical devices
 m - a wand of teleportation (2)
Comestibles
 p - 2 meat rations
 r - a rotting chunk of quokka flesh
Scrolls
 i - a scroll of identify
 t - a scroll of remove curse
Jewellery
 h - an uncursed amulet of resist mutation {unknown}
Potions
 d - a potion of might
 e - 2 potions of restore abilities
 f - a potion of agility
Books
 g - a book of Changes

   Spells                             Type                      Level
   Beastly Appendage                  Transmutation                1
   Sticks to Snakes                   Transmutation                2
   Spider Form                        Transmutation/Poison         3
   Ice Form                           Ice/Transmutation            4
   Blade Hands                        Transmutation                5


   Skills:
 - Level 2.0 Fighting
 + Level 4.8 Maces & Flails
 - Level 2.4 Polearms
 - Level 1.5 Dodging
 * Level 10.9 Stealth
 - Level 3.0 Invocations


You had 7 spell levels left.
You didn't know any spells.

Dungeon Overview and Level Annotations

Branches:
Dungeon (6/27)
 Temple: D:4-7          Orc: D:6-11

Altars:
Elyvilon
Kikubaaqudgha
Nemelex Xobeh
Okawaru

Annotations
D:6 Prince Ribbit


Innate Abilities, Weirdness & Mutations

You cannot wear most types of armour.
You are amphibious.
You can wear up to eight rings at the same time.
You can use your tentacles to constrict many enemies at once.
Your skin changes colour to match your surroundings (Stlth).
Your rubbery body absorbs attacks (AC +1).


Message History

Okay, then.
Evoke which item? (* to show all) (? for menu, Esc to quit)
Okay, then.
Read which item? (? for menu, Esc to quit)
Okay, then.
Evoke which item? (* to show all) (? for menu, Esc to quit)
Zapping:
m - a wand of teleportation {zapped: 1}
Press: ? - help, Shift-Dir - straight line, f - you You feel strangely unstable.
The centaur closely misses you. The ice beast misses you.
The rat barely misses you.
Prince Ribbit comes into view.
You hit the centaur.
There is a sudden explosion of sparks!
The centaur is heavily wounded.
Prince Ribbit sighs, "It's not easy being green!"
The centaur barely misses you. The hobgoblin barely misses you.
The ice beast hits you.
* * * LOW HITPOINT WARNING * * *
The ice beast freezes you.
You die...
Your body rises from the dead as a mindless zombie.

...........
.............
...............
.F.............
.................
h..............)..
..................
.......g.c.........
........@I..........
.......h.r.<........
....................
..................
...................
................?..
..................
<.........>.....
...............


You could see Prince Ribbit, an ice beast, a centaur, a hound (wandering), a
jackal, a hobgoblin and a rat.

Vanquished Creatures
  Pikel (D:5)
  2 slaves (D:5)
  An ogre (D:4)
  2 giant frogs
  An iguana (D:5)
  2 crimson imps (D:5)
  A hound (D:4)
  A scorpion (D:4)
  2 worker ants (D:4)
  Terence (D:3)
  A gnoll (D:4)
  6 adders
  3 giant mites
  A worm (D:4)
  A giant eyeball (D:5)
  5 giant geckos
  6 orcs
  10 bats
  5 giant cockroaches
  12 hobgoblins
  3 jackals
  4 giant newts
  8 goblins
  A jackal zombie (D:4)
  7 kobolds
  3 quokkas
  7 rats
97 creatures vanquished.

Vanquished Creatures (collateral kills)
  Menkaure (D:5)
  Blork the orc (D:4)
  3 gnolls (D:4)
  2 orcs (D:3)
  A jackal (D:5)
  A rat (D:3)
9 creatures vanquished.

Vanquished Creatures (others)
  A slave (D:5)
  2 worker ant zombies (D:4)
  An orc zombie (D:4)
  A goblin zombie (D:3)
  2 hobgoblin zombies
  2 kobold zombies (D:5)
  2 rats
11 creatures vanquished.

Grand Total: 117 creatures vanquished

Notes
Turn   | Place    | Note
--------------------------------------------------------------
     0 | D:1      | M4edhros, the Octopode Death Knight, began the quest for the Orb.
     0 | D:1      | Reached XP level 1. HP: 14/14 MP: 2/2
    58 | D:1      | Reached skill level 1 in Stealth
   214 | D:1      | Reached XP level 2. HP: 19/19 MP: 4/4
   715 | D:1      | Acquired Yredelemnul's second power
   834 | D:1      | Reached XP level 3. HP: 24/24 MP: 5/5
  1276 | D:2      | Found an ancient bone altar of Kikubaaqudgha.
  1309 | D:2      | Found a white marble altar of Elyvilon.
  1582 | D:2      | Found an iron altar of Okawaru.
  1833 | D:2      | Reached skill level 4 in Stealth
  1935 | D:3      | Found a sparkling altar of Nemelex Xobeh.
  1984 | D:3      | Noticed Terence
  1987 | D:3      | Killed Terence
  1987 | D:3      | Reached XP level 4. HP: 30/30 MP: 7/7
  1998 | D:3      | Reached skill level 1 in Maces & Flails
  2038 | D:3      | Reached skill level 5 in Stealth
  2437 | D:3      | Noticed a giant frog
  2439 | D:3      | Killed a giant frog
  2439 | D:3      | Reached skill level 6 in Stealth
  2439 | D:3      | Reached XP level 5. HP: 31/35 MP: 8/8
  3242 | D:4      | Reached XP level 6. HP: 24/40 MP: 10/10
  3245 | D:4      | Reached skill level 7 in Stealth
  3486 | D:4      | Noticed Blork the orc
  3699 | D:4      | Noticed an ogre
  3881 | D:4      | Killed Blork the orc
  4131 | D:4      | Acquired Yredelemnul's third power
  4212 | D:4      | Reached skill level 8 in Stealth
  4225 | D:4      | Your ally Blork died
  4245 | D:4      | Killed an ogre
  4245 | D:4      | Reached XP level 7. HP: 16/45 MP: 11/11
  4400 | D:5      | Entered Level 5 of the Dungeon
  4443 | D:5      | Noticed Pikel
  4700 | D:5      | Noticed Menkaure
  5180 | D:5      | Killed Pikel
  5180 | D:5      | Reached skill level 10 in Stealth
  5180 | D:5      | Reached XP level 8. HP: 47/51 MP: 13/13
  5299 | D:5      | Killed Menkaure
  5741 | D:6      | Noticed Prince Ribbit
  5741 | D:6      | Slain by an ice beast

Action                   |  1- 3 |  4- 6 |  7- 9 || total
-------------------------+-------+-------+-------++-------
Melee: Spear             |    57 |       |       ||    57
       Whip              |    23 |    80 |    62 ||   165
 Fire: Sling             |       |     7 |       ||     7
Throw: Throwing net      |       |     1 |       ||     1
Invok: Animate Remains   |     1 |    11 |       ||    12
       Animate Dead      |       |       |     5 ||     5
       Recall Undead Sla |       |       |     1 ||     1
Evoke: Wand              |     1 |       |     1 ||     2
  Use: Scroll            |     5 |     4 |     6 ||    15
       Potion            |     3 |     2 |     7 ||    12
 Stab: Sleeping          |    12 |    10 |     3 ||    25
       Distracted        |     1 |       |       ||     1
